 Dungeon Crawl Stone Soup version 0.32-a0-995-gb4a59205af (webtiles) character file.

Game seed: 7082675860315636796

227227 TacoSundae the Warrior (level 19, -9/155 (159) HPs)
             Began as a Coglin Gladiator on Apr 22, 2024.
             Was the Champion of Okawaru.
             Mangled by a vault warden
             ... wielding a +6 long sword of protection
              (29 damage)
             ... on level 1 of the Vaults.
             The game lasted 02:15:32 (46671 turns).

TacoSundae the Warrior (Coglin Gladiator)          Turns: 46671, Time: 02:15:32

HP:   -9/155 (159)  AC: 22    Str: 16    XL:     19   Next: 38%
MP:   16/16         EV: 19    Int:  8    God:    Okawaru [******]
Gold: 1378          SH:  0    Dex: 25    Spells: 18/18 levels left

rFire   + . .        J - +4 demon blade (freeze) {Sieglinde}
rCold   + . .        F - +3 scimitar {Ximena}
rNeg    . . .        K - +2 scale mail {rF+}
rPois   +            c - +0 helmet
rElec   +            R - +2 cloak {rCorr}
rCorr   +            A - +1 pair of gloves
SInv    .            Q - +0 pair of boots of Duck's Teeth {rElec rC+ MP-9 Dex+3}
Will    +....        (amulet unavailable)
Stlth   +            (ring unavailable)
HPRegen 0.45/turn    (ring unavailable)
MPRegen 0.15/turn    G - superemergency samoflange {Rampage Acrobat rElec rPois rCorr}

%: acrobat, rampage
@: lightly drained, revved
A: off-hand wielding, slow wielding, warmup strikes, no jewellery
}: 1/15 runes: serpentine
a: Renounce Religion, Heroism, Finesse, Duel, Receive Armour


You were on level 1 of the Vaults.
You worshipped Okawaru.
Okawaru was exalted by your worship.
You visited 7 branches of the dungeon, and saw 30 of its levels.
You also visited: Sewer, Ice Cave and Volcano.

You collected 3440 gold pieces.
You spent 2062 gold pieces at shops.

Inventory:

Hand Weapons
 l - a +0 demon blade of venom
 D - the +8 whip "Snakebite" {venom, curare, rPois}
   (You found it on level 3 of the Lair of Beasts)

   rPois:     It protects you from poison.
 F - a +3 scimitar (offhand) {Ximena}
 J - a +4 demon blade of freezing (weapon) {Sieglinde}
Missiles
 d - 2 throwing nets
 e - 15 javelins
 n - 18 poisoned darts
 r - 21 boomerangs (quivered)
 H - 12 curare-tipped darts
 L - 12 silver javelins
Armour
 c - a +0 helmet (worn)
 s - a scarf of shadows
 A - a +1 pair of gloves (worn)
 E - a +3 scale mail of willpower
 K - a +2 scale mail of fire resistance (worn)
 Q - the +0 pair of boots of Duck's Teeth (worn) {rElec rC+ MP-9 Dex+3}
   (You bought it in a shop on level 2 of the Orcish Mines)

   Dex+3:     It affects your dexterity (+3).
   rC+:       It protects you from cold.
   rElec:     It insulates you from electricity.
   MP-9:      It affects your magic capacity (-9).
 R - a +2 cloak of preservation (worn)
Gizmo
 G - a superemergency samoflange (installed) {Rampage Acrobat rElec rPois rCorr}
   (You invented it yourself on level 5 of the Lair of Beasts)

   [superemergency samoflange]

   rElec:     It insulates you from electricity.
   rPois:     It protects you from poison.
   rCorr:     It protects you from acid and corrosion.
   Rampage:   It bestows one free step when moving towards enemies.
   Acrobat:   It increases your evasion after moving or waiting.
Wands
 a - a wand of quicksilver (14)
 b - a wand of paralysis (4)
 C - a wand of flame (11)
 N - a wand of warping (14)
 S - a wand of mindburst (9)
Scrolls
 f - 4 scrolls of fog
 h - 16 scrolls of identify
 j - 2 scrolls of poison
 k - 2 scrolls of vulnerability
 o - 2 scrolls of revelation
 p - 3 scrolls of silence
 t - 5 scrolls of fear
 x - 10 scrolls of teleportation
 y - a scroll of blinking
 P - 3 scrolls of noise
Potions
 g - 3 potions of ambrosia
 i - 6 potions of mutation
 m - 2 potions of enlightenment
 q - 7 potions of curing
 u - a potion of attraction
 v - 11 potions of heal wounds
 w - a potion of resistance
 z - 3 potions of magic
 B - 3 potions of might
 M - a potion of berserk rage
 O - 2 potions of haste
Miscellaneous
 I - a phial of floods


   Skills:
 + Level 16.4 Fighting
 + Level 15.6 Long Blades
 - Level 10.0 Throwing
 * Level 16.2 Armour
 + Level 13.7 Dodging
 - Level 8.5 Invocations
 - Level 5.4 Evocations


You had 18 spell levels left.
You didn't know any spells.
Your spell library contained the following spells:

 Spells                   Type           Power      Damage    Failure   Level
 Apportation              Tloc           0%         N/A       71%         1
 Kiss of Death            Conj/Necr      0%         2d5       71%         1
 Necrotise                Necr           0%         1d4       71%         1
 Sting                    Conj/Alch      0%         1d3       71%         1
 Blink                    Tloc           0%         N/A       83%         2
 Cigotuvi's Dreadful Rot  Necr/Alch/Air  0%         N/A       83%         2
 Ensorcelled Hibernation  Hex/Ice        0%         N/A       83%         2
 Lesser Beckoning         Tloc           0%         N/A       83%         2
 Mercury Vapours          Alch/Air       0%         N/A       83%         2
 Momentum Strike          Conj/Tloc      0%         3d8       83%         2
 Confusing Touch          Hex            0%         N/A       97%         3
 Fugue of the Fallen      Necr           0%         N/A       97%         3
 Mephitic Cloud           Conj/Alch/Air  0%         N/A       97%         3
 Ozocubu's Armour         Ice            0%         N/A       97%         3
 Volatile Blastmotes      Fire/Tloc      0%         2d10      97%         3
 Airstrike                Air            0%         2d(0-16)  100%        4
 Brom's Barrelling Bould  Conj/Erth      0%         2d3       100%        4
 Dispel Undead            Necr           0%         3d6       100%        4
 Passage of Golubria      Tloc           0%         N/A       100%        4
 Vhi's Electric Charge    Tloc/Air       0%         N/A       100%        4
 Fireball                 Conj/Fire      0%         3d3       100%        5
 Freezing Cloud           Conj/Ice/Air   0%         6-21      100%        5
 Iskenderun's Battlesphe  Conj           0%         2d6       100%        5
 Yara's Violent Unravell  Hex/Alch       0%         3d3       100%        5
 Bombard                  Conj/Erth      0%         9d1       100%        6
 Conjure Ball Lightning   Conj/Air       0%         3x3d6     100%        6
 Gell's Gavotte           Tloc           0%         2d(11-16) 100%        6
 Manifold Assault         Tloc           0%         N/A       100%        7
 Orb of Destruction       Conj           0%         9d5       100%        7
 Rimeblight               Ice/Necr       0%         2d3       (prima100%   7
 Polar Vortex             Ice            0%         N/A       100%        9
 Summon Small Mammal      Summ           Unusable   N/A       N/A         1
 Tukima's Dance           Hex            Unusable   N/A       N/A         3
 Spellforged Servitor     Conj/Summ      Unusable   N/A       N/A         7

Dungeon Overview and Level Annotations

Branches:
Dungeon (14/15)            Temple (1/1) D:5            Lair (5/5) D:11
  Swamp (3/4) Lair:2        Snake (4/4) Lair:2        Slime (0/5) Lair:5
    Orc (2/2) D:12            Elf (0/3) Orc:2        Vaults (1/5) D:14
  Sewer (visited)           IceCv (visited)         Volcano (visited)

Altars:
Ashenzari
Cheibriados
Dithmenos
Elyvilon
Fedhas
Gozag
Hepliaklqana
Kikubaaqudgha
Makhleb
Nemelex Xobeh
Okawaru
Qazlal
Ru
Sif Muna
Trog
Uskayaw
Vehumet
Wu Jian
Xom
Yredelemnul
Zin
The Shining One
Beogh
Lugonu

Shops:
D:2 [   D:5 !   D:7 [!   D:13 *   Orc:2 [[*([=   Snake:1 (*   Snake:2 *!![[
Snake:3 :=:

Portals:
Abyss: D:3

Annotations:
D:9 2 runed translucent doors, exclusion: obsidian statue
Swamp:2 2 transporters
Snake:1 3 runed translucent doors, exclusion: obsidian statue, Goc Tato's ghost, journeyman FeBe


Innate Abilities, Weirdness & Mutations

You can wield a second weapon in your off-hand.
It takes a long time for you to wield or remove held weapons.
Your first few attacks do less damage.
You cannot equip rings or amulets.


Message History

* * * LOW HITPOINT WARNING * * *
The vault warden blocks your attack.
You barely miss the vault warden with your +3 scimitar.
The vault warden unwields the +2 sling of Cataclysm {heavy, rN+ Int+3}.
The vault warden wields a +6 long sword of protection.
The vault warden completely misses you.
You slash the vault warden with your +4 demon blade of freezing!
You freeze the vault warden.
The vault warden is lightly wounded.
You slash the vault warden with your +3 scimitar!
The vault warden blocks your attack.
The vault warden is moderately wounded.
The vault warden blocks your attack.
The vault warden activates a sealing rune.
The doors slam shut!
You barely miss the vault warden with your +4 demon blade of freezing.
The vault warden is moderately wounded.
The vault warden blocks your attack.
The vault warden hits you with a +6 long sword of protection!!
* * * LOW HITPOINT WARNING * * *
You hit the vault warden but do no damage.
The vault warden is moderately wounded.
The vault warden blocks your attack.
You slash the vault warden with your +4 demon blade of freezing!
You freeze the vault warden!
The vault warden is heavily wounded.
The vault warden blocks your attack. The vault warden misses you.
The vault warden blocks your attack.
The vault warden is heavily wounded.
You slash the vault warden with your +4 demon blade of freezing!
You freeze the vault warden. The vault warden blocks your attack.
The vault warden is severely wounded.
You slash the vault warden with your +4 demon blade of freezing!
You freeze the vault warden.
The vault warden hits you with a +6 long sword of protection!!
* * * LOW HITPOINT WARNING * * *
You feel much better.
The vault warden hits you with a +6 long sword of protection!!
You die...

.........................
.........................
##########''#############
##############..#######
#[.!...#..............#
#..!...#..............#
#!.....#..............#
#......#######++#######
#....Q.#†...@p........#
##+[.....##).....###
#[))...).##........#
#..................#
#.....##....##.....#
#.....##....##.....#
#..................#
#........##........#
###......##......'##


You could see a vault warden.

Vanquished Creatures
  Vashnia (Snake:4)
  Saint Roka (Vaults:1)
  Norris (Vaults:1)
  Zenata (Vaults:1)
  Jorgrun (Lair:2)
  A sphinx (Vaults:1)
  Frances (Swamp:1)
  Gastronok (Orc:1)
  Aizul (Snake:4)
  Kirke (Swamp:1)
  4 tengu reavers (Vaults:1)
  5 nagarajas (Snake:4)
  A frost giant (Vaults:1)
  A fire giant (Vaults:1)
  4 vault wardens (Vaults:1)
  Louise (Swamp:2)
  A reaper (IceCv)
  3 orc warlords
  2 ironbound preservers (Vaults:1)
  2 eleionomae (Swamp:3)
  A formless jellyfish (Vaults:1)
  A red draconian (Volcano)
  A deep elf death mage (Vaults:1)
  5 dire elephants (Vaults:1)
  A bunyip (Swamp:1)
  A deep elf annihilator (Vaults:1)
  Snorg (Lair:5)
  A deep elf high priest (Vaults:1)
  Josephine (D:12)
  10 vault guards
  5 yaktaur captains (Vaults:1)
  3 salamander tyrants
  A hydra (Lair:5)
  4 centaur warriors
  A peacekeeper (Vaults:1)
  5 alligators
  An ogre mage (Orc:2)
  12 anacondas
  2 boulder beetles
  4 catoblepae
  13 two-headed ogres
  3 ironbound frosthearts (Vaults:1)
  A ghost crab (Swamp:2)
  5 orc high priests
  9 death yaks (Lair:5)
  15 naga warriors
  9 shock serpents
  23 naga sharpshooters
  7 skysharks
  A hell knight (Vaults:1)
  Nergalle (D:12)
  Sonja (D:11)
  A salamander mystic (Snake:3)
  The ghost of olddryhag the Carver, a novice CoWn of Okawaru (D:8)
  A glowing orange brain (D:14)
  2 goliath frogs (Swamp:1)
  4 spriggan druids
  A swamp dragon (Swamp:1)
  15 mana vipers
  10 naga ritualists
  2 bog bodies
  9 deep trolls
  6 lindwurms (Vaults:1)
  12 orc knights
  6 ironbound convokers (Vaults:1)
  4 orc sorcerers (Orc:2)
  A moth of wrath (D:8)
  A will-o-the-wisp (Swamp:2)
  A cyclops (D:11)
  4 manticores
  Maurice (Orc:1)
  7 ugly things
  A meliai (shapeshifter) (D:14)
  7 salamanders
  A guardian serpent (shapeshifter) (Vaults:1)
  17 naga magi
  2 guardian serpents
  6 elephants (Lair:5)
  38 black mambas
  18 cane toads
  4 vault sentinels (Vaults:1)
  2 molten gargoyles (Volcano)
  A gargoyle (D:12)
  2 ice statues (IceCv)
  4 rime drakes
  7 yaktaurs
  An unseen horror (D:12)
  3 komodo dragons
  An anaconda simulacrum (IceCv)
  2 kobold demonologists (D:11)
  A freezing wraith (Vaults:1)
  3 ice devils (IceCv)
  10 trolls
  A polar bear (shapeshifter) (D:13)
  4 hornets
  6 polar bears
  3 tyrant leeches
  14 blink frogs
  15 slime creatures
  2 centaur simulacra (D:10)
  6 wraiths
  5 basilisks
  A dire elephant simulacrum (IceCv)
  4 wyverns
  4 spriggans
  A warg (Orc:1)
  A basilisk (shapeshifter) (Vaults:1)
  45 yaks
  2 steam dragons (D:7)
  5 hogs (Swamp:1)
  2 fire bats (Volcano)
  A death yak simulacrum (IceCv)
  15 vampire mosquitoes
  11 swamp worms
  39 nagas
  3 acid dragons
  2 hydra simulacra (IceCv)
  23 water moccasins
  4 swamp drakes
  4 ice beasts
  27 orc warriors
  4 black bears
  A sky beast (D:7)
  11 ogres
  2 boggarts (Vaults:1)
  25 centaurs
  19 wolves
  Blork the orc (D:5)
  2 kobold brigands
  13 bullfrogs
  A two-headed ogre simulacrum (IceCv)
  2 gnoll sergeants (D:7)
  A scorpion (D:5)
  4 wights
  5 killer bees (D:8)
  An electric eel (Lair:1)
  3 howler monkeys
  3 lava snakes (Volcano)
  10 jellies
  10 hounds
  A bombardier beetle (D:5)
  22 orc priests
  A gnoll bouda (D:7)
  4 iguanas
  Ijyb (D:3)
  Natasha (thrice) (D:2)
  22 orc wizards
  7 hell rats (Lair:4)
  A polar bear simulacrum (IceCv)
  3 spriggan simulacra (IceCv)
  4 troll simulacra (IceCv)
  A wolf simulacrum (IceCv)
  15 adders
  23 gnolls
  6 naga simulacra (IceCv)
  A shadow imp (D:6)
  5 white imps
  2 ufetubi
  8 dart slugs (Sewer)
  2 ribbon worms
  73 orcs
  14 ball pythons
  26 endoplasms
  8 giant cockroaches
  6 goblins
  9 hobgoblins
  9 jackals
  10 quokkas
  2 bats (D:1)
  8 frilled lizards
  23 kobolds
  7 rats
1098 creatures vanquished.

Vanquished Creatures (others)
  A yaktaur (Vaults:1)
  A bloated husk (Swamp:3)
  8 foxfires (Swamp:2)
10 creatures vanquished.

Grand Total: 1108 creatures vanquished

Notes
Turn   | Place    | Note
-------+----------+-------------------------------------------
     0 | D:1      | TacoSundae the Coglin Gladiator began the quest for the
                  | Orb.
     0 | D:1      | Reached XP level 1. HP: 16/16 MP: 1/1
    97 | D:1      | Reached XP level 2. HP: 21/22 MP: 2/2
   308 | D:1      | Reached XP level 3. HP: 20/27 MP: 3/3
   372 | D:1      | Found a faded altar of an unknown god.
   820 | D:2      | Found Elezin's Armour Emporium.
   824 | D:2      | Found the Hermit's Pendant {Faith Invo=14 Evo=0 MP+5}
   993 | D:2      | Reached XP level 4. HP: 28/33 MP: 4/4
  1108 | D:2      | Noticed Natasha
  1119 | D:2      | Killed Natasha
  1120 | D:2      | Reached skill level 5 in Long Blades
  1394 | D:2      | Reached XP level 5. HP: 31/38 MP: 5/5
  1499 | D:2      | Noticed Natasha
  1505 | D:2      | Killed Natasha
  1743 | D:2      | Noticed Natasha
  1753 | D:2      | Killed Natasha
  1825 | D:3      | Noticed a black bear
  1837 | D:3      | Killed a black bear
  1838 | D:3      | Reached XP level 6. HP: 44/44 MP: 6/6
  1863 | D:3      | Found a large runed translucent door.
  1864 | D:3      | Found a large runed translucent door.
  1864 | D:3      | Found a corrupted altar of Lugonu.
  1873 | D:3      | Noticed Ijyb
  1883 | D:3      | Paralysed by Ijyb for 4 turns
  1890 | D:3      | Killed Ijyb
  2057 | D:3      | Found a glowing drain.
  2087 | Sewer    | Entered a sewer
  2364 | Sewer    | Reached XP level 7. HP: 42/50 MP: 7/7
  2652 | D:3      | Found a one-way gate to the infinite horrors of the Abyss.
  2954 | D:4      | You fall into a shaft and drop 1 floor!
  2954 | D:5      | Entered Level 5 of the Dungeon
  3668 | D:4      | Found a white marble altar of Elyvilon.
  3723 | D:4      | Reached XP level 8. HP: 56/56 MP: 8/8
  3873 | D:5      | Noticed Blork the orc
  3879 | D:5      | Killed Blork the orc
  3919 | D:5      | Found Ralucs's Distillery.
  3974 | D:5      | Found a staircase to the Ecumenical Temple.
  3980 | Temple   | Entered the Ecumenical Temple
  4002 | Temple   | Became a worshipper of Warmaster Okawaru
  4041 | D:5      | Bought 2 potions of degeneration for 28 gold pieces
  4402 | D:5      | Found a snail-covered altar of Cheibriados.
  4516 | D:5      | Reached skill level 10 in Long Blades
  4645 | D:6      | Found a sparkling altar of Nemelex Xobeh.
  4870 | D:6      | Found the +7 staff of the Meek {protect, meekguard}
  5110 | D:6      | Reached skill level 1 in Armour
  5156 | D:6      | Reached skill level 1 in Invocations
  5254 | D:6      | Reached * piety under Okawaru
  5422 | D:6      | Noticed a yak
  5435 | D:6      | Killed a yak
  5436 | D:6      | Reached XP level 9. HP: 63/63 MP: 8/10
  6009 | D:7      | Reached ** piety under Okawaru
  6114 | D:7      | Found Zamuc's Distillery.
  6118 | D:7      | Bought a potion of curing for 42 gold pieces
  6876 | D:7      | Found Xol Apli's Antique Armour Shop.
  6892 | D:7      | Bought a glowing scale mail for 161 gold pieces
  7257 | D:8      | Reached *** piety under Okawaru
  7258 | D:8      | Reached XP level 10. HP: 61/73 MP: 12/12
  7340 | D:8      | Reached skill level 5 in Fighting
  7340 | D:8      | Reached skill level 5 in Dodging
  7477 | D:8      | Found a hide-covered altar of Uskayaw.
  7486 | D:8      | Found a sacrificial altar of Ru.
  7627 | D:8      | Found a transporter.
  7630 | D:8      | Noticed a moth of wrath
  7635 | D:8      | Noticed olddryhag's ghost (novice CoWn)
  7985 | D:8      | Found a shimmering blue altar of Sif Muna.
  8213 | D:8      | Found a burning altar of Makhleb.
  8313 | D:8      | Found a transporter.
  8757 | D:9      | Found a runed translucent door.
  8845 | D:9      | Found a runed translucent door.
  8863 | D:9      | Found a runed translucent door.
  8887 | D:9      | Found a runed translucent door.
  9206 | D:9      | Reached **** piety under Okawaru
  9215 | D:9      | Reached skill level 5 in Armour
  9526 | D:9      | Noticed an obsidian statue
  9568 | D:10     | Entered Level 10 of the Dungeon
  9586 | D:10     | Reached XP level 11. HP: 67/81 MP: 14/14
  9710 | D:10     | Noticed a two-headed ogre
  9719 | D:10     | Killed a two-headed ogre
  9726 | D:10     | Reached skill level 5 in Invocations
 10003 | D:10     | Noticed a two-headed ogre
 10014 | D:10     | Killed a two-headed ogre
 10014 | D:10     | Reached ***** piety under Okawaru
 10396 | D:10     | Identified the +0 robe "Pyliran" {rPois Will+ Dex+3}
 10469 | D:10     | Noticed a two-headed ogre
 10492 | D:10     | Killed a two-headed ogre
 10852 | D:11     | Noticed a boulder beetle
 10865 | D:11     | Killed a boulder beetle
 10917 | D:11     | Noticed a two-headed ogre
 10918 | D:11     | Noticed a purple ugly thing
 10927 | D:11     | Received a gift from Okawaru
 10980 | D:10     | Killed a purple ugly thing
 11075 | D:11     | Killed a two-headed ogre
 11104 | D:11     | Noticed a cyclops
 11114 | D:11     | Killed a cyclops
 11183 | D:11     | Noticed Sonja
 11188 | D:11     | Killed Sonja
 11189 | D:11     | Reached XP level 12. HP: 92/92 MP: 16/16
 11432 | D:11     | Noticed a soul eater
 11452 | D:11     | Found a staircase to the Lair.
 11635 | Lair:1   | Entered Level 1 of the Lair of Beasts
 12624 | Lair:1   | Received a gift from Okawaru
 13214 | Lair:2   | Noticed a skyshark
 13479 | Lair:2   | Killed a skyshark
 13773 | Lair:2   | Noticed a boulder beetle
 13785 | Lair:2   | Killed a boulder beetle
 13845 | Lair:2   | Found a hide-covered altar of Uskayaw.
 13847 | Lair:2   | Found an ornate altar of the Wu Jian Council.
 14556 | Lair:2   | Received a gift from Okawaru
 14557 | Lair:2   | Reached XP level 13. HP: 48/101 MP: 18/18
 14708 | Lair:2   | Found a staircase to the Swamp.
 15038 | Lair:2   | Found a staircase to the Snake Pit.
 15164 | Lair:3   | Found a snail-covered altar of Cheibriados.
 16276 | Lair:3   | Found the +8 whip "Snakebite" {venom, curare, rPois}
 16577 | Lair:4   | Found a frozen archway.
 16585 | IceCv    | Entered an ice cave
 16734 | IceCv    | Received a gift from Okawaru
 17892 | IceCv    | Noticed a reaper
 17922 | IceCv    | Killed a reaper
 18156 | IceCv    | Got the Elucidation of the Crevasse
 19609 | Lair:5   | Entered Level 5 of the Lair of Beasts
 19642 | Lair:5   | Reached skill level 10 in Fighting
 19647 | Lair:5   | Received a gift from Okawaru
 19770 | Lair:5   | Reached ****** piety under Okawaru
 19771 | Lair:5   | Acquired a +1 demon blade of freezing
 19771 | Lair:5   | Received a gift from Okawaru
 19859 | Lair:5   | Reached XP level 14. HP: 85/110 MP: 20/20
 19859 | Lair:5   | Acquired a superemergency samoflange {Rampage Acrobat rElec
                  | rPois rCorr}
 19984 | Lair:5   | Received a gift from Okawaru
 20049 | Lair:5   | Found a dark tunnel.
 20108 | Volcano  | Entered a volcano
 20641 | Volcano  | Found a burning altar of Makhleb.
 20766 | Volcano  | Noticed a red draconian
 20775 | Volcano  | Killed a red draconian
 20776 | Volcano  | Reached skill level 10 in Dodging
 20995 | Lair:5   | Noticed Snorg
 21030 | Lair:5   | Killed Snorg
 21210 | Lair:5   | Received a gift from Okawaru
 21716 | Lair:5   | Found a staircase to the Slime Pits.
 21963 | Lair:5   | Received a gift from Okawaru
 22360 | Lair:5   | Got Caplacri's Verses on the Floating Crevasse
 22775 | D:12     | Reached skill level 10 in Armour
 23211 | D:12     | Received a gift from Okawaru
 23235 | D:12     | Found a staircase to the Orcish Mines.
 23236 | D:12     | Noticed Josephine
 23247 | D:12     | Killed Josephine
 23322 | D:12     | Noticed Nergalle
 23329 | D:12     | Killed Nergalle
 23330 | D:12     | Reached XP level 15. HP: 119/119 MP: 21/21
 24434 | D:13     | Found a shimmering blue altar of Sif Muna.
 24550 | D:13     | Found Bousau's Assorted Antiques.
 24555 | D:13     | Bought a potion of curing for 93 gold pieces
 24555 | D:13     | Bought a fizzy blue potion for 27 gold pieces
 24556 | D:13     | Bought a wand of paralysis (5) for 372 gold pieces
 24937 | D:14     | Received a gift from Okawaru
 25060 | D:14     | Reached skill level 15 in Long Blades
 25183 | D:14     | Reached skill level 5 in Throwing
 25183 | D:14     | Reached skill level 1 in Evocations
 25931 | D:14     | Found a gate to the Vaults.
 26220 | Orc:1    | Entered Level 1 of the Orcish Mines
 26350 | Orc:1    | Noticed an orc warlord
 26398 | Orc:1    | Killed an orc warlord
 26455 | Orc:1    | Noticed Gastronok
 26462 | Orc:1    | Killed Gastronok
 26483 | Orc:1    | Noticed Maurice
 26490 | Orc:1    | Maurice stole 184 gold
 26503 | Orc:1    | Killed Maurice
 26672 | Orc:2    | Entered Level 2 of the Orcish Mines
 26693 | Orc:2    | Received a gift from Okawaru
 27386 | Orc:2    | Noticed an orc warlord
 27416 | Orc:2    | Killed an orc warlord
 27566 | Orc:2    | Paralysed by an ogre mage for 2 turns
 27583 | Orc:2    | Reached skill level 5 in Evocations
 27669 | Orc:2    | Received a gift from Okawaru
 27942 | Orc:2    | Found a roughly hewn altar of Beogh.
 27987 | Orc:2    | Found Fiamm's Jewellery Emporium.
 28153 | Orc:2    | Found Uthig's Antique Armour Emporium.
 28203 | Orc:2    | Found Feqeot Ujoi's Antique Weapon Emporium.
 28219 | Orc:2    | Found Hetixzi's General Store.
 28226 | Orc:2    | Bought a throwing net for 51 gold pieces
 28226 | Orc:2    | Bought a potion of heal wounds for 85 gold pieces
 28243 | Orc:2    | Bought a steaming scale mail for 306 gold pieces
 28243 | Orc:2    | Identified the +1 scale mail "Luwkyiho" {rN+ Will+ rCorr}
                  | (You bought it in a shop on level 2 of the Orcish Mines)
 28422 | Orc:2    | Paralysed by an orc sorcerer for 3 turns
 28765 | Orc:2    | Found Gapn's Armour Emporium.
 28998 | Orc:2    | Found a staircase to the Elven Halls.
 29007 | Orc:2    | Found Quahon's Antique Armour Boutique.
 29018 | Orc:2    | Bought a pair of faintly glowing boots for 323 gold pieces
 29018 | Orc:2    | Identified the +0 pair of boots of Duck's Teeth {rElec rC+
                  | MP-9 Dex+3} (You bought it in a shop on level 2 of the
                  | Orcish Mines)
 29366 | Snake:1  | Entered Level 1 of the Snake Pit
 29378 | Snake:1  | Found Hirech's Weapon Shoppe.
 29385 | Snake:1  | Bought a +0 demon blade of venom for 320 gold pieces
 29472 | Snake:1  | Reached XP level 16. HP: 113/126 MP: 13/22
 29946 | Snake:1  | Received a gift from Okawaru
 30915 | Snake:1  | Found a runed translucent gate.
 30916 | Snake:1  | Found a runed translucent gate.
 30916 | Snake:1  | Found an opulent altar of Gozag.
 30917 | Snake:1  | Found a runed translucent gate.
 30920 | Snake:1  | Found Xichach's Assorted Antiques.
 30923 | Snake:1  | Noticed Goc Tato's ghost (journeyman FeBe)
 31884 | D:8      | Killed olddryhag's ghost
 32170 | Snake:2  | Found Meoxo's Armour Shoppe.
 32194 | Snake:2  | Found Tuommafo's Armour Shoppe.
 32239 | Snake:2  | Received a gift from Okawaru
 32611 | Snake:2  | Found Maakerr's Distillery.
 33205 | Snake:2  | Bought a potion of might for 60 gold pieces
 33205 | Snake:2  | Bought a potion of heal wounds for 75 gold pieces
 33968 | Snake:2  | Found Laanew's Distillery.
 34199 | Snake:2  | Bought a potion of heal wounds for 85 gold pieces
 34222 | Snake:2  | Received a gift from Okawaru
 34755 | Snake:2  | Found Erusalur's Assorted Antiques.
 34763 | Snake:2  | Bought a scroll labelled DETUISHR ULIPRE for 34 gold pieces
 34821 | Snake:3  | Found a snail-covered altar of Cheibriados.
 34931 | Snake:3  | Reached XP level 17. HP: 72/135 MP: 14/23
 35203 | Snake:3  | Found Julut's Jewellery Shoppe.
 35204 | Snake:3  | Found Jouv's Book Shop.
 35204 | Snake:3  | Found Joacan's Book Shop.
 35631 | Snake:3  | Identified the ring "Naritedu" {Fire Will++ Dex+3 Stlth-}
 35747 | Snake:3  | Received a gift from Okawaru
 36265 | Snake:4  | Entered Level 4 of the Snake Pit
 37439 | Snake:4  | Received a gift from Okawaru
 37611 | Snake:4  | Noticed Vashnia
 37685 | Snake:4  | Killed Vashnia
 39153 | Snake:4  | Received a gift from Okawaru
 39182 | Snake:4  | Identified the serpent talisman "Uluaxtyol" {rElec rN+
                  | Str+3}
 39182 | Snake:4  | Noticed Aizul
 39201 | Snake:4  | Killed Aizul
 40180 | Snake:4  | Got a serpentine rune of Zot
 40407 | Swamp:1  | Entered Level 1 of the Swamp
 40429 | Swamp:1  | Reached XP level 18. HP: 147/147 MP: 15/24
 40574 | Swamp:1  | Noticed Jorgrun
 40644 | Lair:2   | Killed Jorgrun
 40836 | Swamp:1  | Noticed Kirke
 40845 | Swamp:1  | Killed Kirke
 40872 | Swamp:1  | Noticed Frances
 40882 | Swamp:1  | Reached skill level 15 in Fighting
 40888 | Swamp:1  | Killed Frances
 40932 | Swamp:1  | Identified the blade talisman "Fautimoj" {Will- Str+2
                  | Dex+5}
 41178 | Swamp:2  | Noticed Louise
 41186 | Swamp:2  | Killed Louise
 41186 | Swamp:2  | Received a gift from Okawaru
 41224 | Swamp:2  | Found a transporter.
 41507 | Swamp:2  | Found a transporter.
 41606 | Swamp:2  | Found a shimmering blue altar of Sif Muna.
 42523 | Vaults:1 | Entered Level 1 of the Vaults
 43078 | Vaults:1 | Received a gift from Okawaru
 43079 | Vaults:1 | Reached skill level 15 in Armour
 43343 | Vaults:1 | Noticed Zenata
 43480 | Vaults:1 | Killed Zenata
 44010 | Vaults:1 | Noticed Saint Roka
 44020 | Vaults:1 | Received a gift from Okawaru
 44030 | Vaults:1 | Killed Saint Roka
 44888 | Vaults:1 | Reached XP level 19. HP: 97/157 MP: 16/25
 44915 | Vaults:1 | Received a gift from Okawaru
 45989 | Vaults:1 | Noticed Norris
 46018 | Vaults:1 | Killed Norris
 46024 | Vaults:1 | Reached skill level 10 in Throwing
 46526 | Vaults:1 | Received a gift from Okawaru
 46658 | Vaults:1 | Identified the +2 sling of Cataclysm {heavy, rN+ Int+3}
 46670 | Vaults:1 | HP: 2/155 [vault warden/+6 long sword of protection (20)]
 46671 | Vaults:1 | Mangled by a vault warden

Illustrated notes

Levels and vault maps discovered:
D:1:      beargit_arrival_greenhouse, layout_loops_ring,
          dreamdust_ecumenical_altar_grove, st_stairs_4
D:2:      layout_loops_cross, serial_shops, nicolae_shop_hallway_stairs,
          nrook_mini_vaults, small_statue_intersection, uniq_natasha
D:3:      due_chaos_kobolds, layout_rooms, cheibrodos_sewer_entry_bend,
          kennysheep_generic_room_5, uniq_ijyb
D:4:      layout_basic, nicolae_elyvilon_peaceful_grove
D:5:      layout_basic, cheibriados_altar_1, temple_green, serial_shops,
          nicolae_shop_industrial_runoff, kennysheep_generic_room_13,
          uniq_blork_the_orc
D:6:      layout_loops_ring, nemelex_xobeh_ov_fountains_minmay,
          kennysheep_small_circle
D:7:      layout_cave_pools, serial_gnoll_camp, gnoll_camp_mini_doghouse,
          gnoll_camp_mini_hut, gnoll_camp_huts_basic, gnoll_camp_mini_shop,
          gnoll_camp_mini_doghouse, gnoll_camp_mini_shop
D:8:      layout_loops_ring, amethyst_overflow_temple_binary,
          mainiacjoe_overflow_large_starburst, gammafunk_ghost_berserking_beasts
D:9:      layout_loops_cross, minmay_statue_crystal_thing
D:10:     layout_irregular_city, serial_ice, serial_ice_b, serial_ice_d,
          serial_ice_l, serial_ice_m
D:11:     layout_cave_pools, lair_entry_dummy, serial_glass, glass_columns_a,
          glass_columns_c, uniq_sonja
D:12:     layout_cross, orc_0_dummy, uniq_josephine, uniq_nergalle
D:13:     layout_long_grid, serial_shops, shop, nicolae_sif_muna_little_library
D:14:     layout_basic, hellmonk_vaults_order_and_chaos, solitary_fountain,
          nicolae_tricolors
Temple:   hellmonk_temple_of_storms
Lair:1:   lemuel_slime, layout_gridlike, grunt_forest_stairs_basic
Lair:2:   layout_hall_layers, mainiacjoe_swamp_entry_angry_trees,
          nicolae_snake_entry_squirm, chequers_serial_rivers_large_b,
          nzn_masters_of_martial_movement, serial_bayou_shore_b,
          grunt_megastairs_3, infiniplex_staircase_pool_2
Lair:3:   minmay_guarded_unrand_snakebite, layout_chaotic_city, basic_altar
Lair:4:   layout_cave_pods, portal_ice_cave_entry_animals_and_master,
          forest_entry_grove, serial_bayou_shore_b
Lair:5:   evilmike_catoblepas_cave, layout_regular_city,
          minmay_slime_entry_pillars, nicolae_volcano_entry_s_turn, uniq_snorg
Swamp:1:  layout_falls_marsh, evilmike_swamp_ruin_rubble_2, uniq_frances,
          uniq_kirke, uniq_jorgrun
Swamp:2:  gammafunk_worm_tunnel, layout_basic_swamp, nicolae_swamp_big_swirl,
          lemuel_altar_in_water, swamp_pool_5, uniq_louise
Swamp:3:  layout_basic_swamp, evilmike_swamp_ruin_house_1,
          nicolae_swamp_some_circles, cheibrodos_swamp_minitomb
Snake:1:  layout_grid_maze, serial_shops, shop, ebering_ghost_gozag,
          serial_library_hellmonk_angled_corner, grunt_ministairs_1
Snake:2:  layout_onion, serial_shops, shop, nicolae_shop_tiny_real_fake_doors,
          shop, nicolae_stop_n_shop_1, nicolae_shop_tiny_waterfront
Snake:3:  layout_rooms, basic_altar, nicolae_snake_gridmaze_big_u,
          nicolae_twisty_statue_hallways, minmay_shop_grove
Snake:4:  minmay_snake_end_coiled, layout_cave_town, uniq_aizul, uniq_vashnia
Orc:1:    layout_diamond_mine, minmay_orc_barracks, uniq_gastronok, uniq_maurice
Orc:2:    grunt_orc_cross, layout_diamond_mine, serial_shops, shop, shop,
          library_closet
Vaults:1: v_misc_13, nicolae_vaults_trapezoid_3, v_misc_12,
          hangedman_vaults_corner, st_greater_box_2, v_misc_16,
          vaults_dpeg_ring, layout_vaults_chaotic_city, uniq_zenata,
          uniq_norris, uniq_saint_roka

Skill      XL: |  1  2  3  4  5  6  7  8  9 10 11 12 13 14 15 16 17 18 19 |
---------------+----------------------------------------------------------+-----
Long Blades    | 4 5 6 7 9 10 11 12 13 14 15 | 15.6
Armour         | 1 3 5 6 7 9 10 12 14 15 16 | 16.2
Dodging        | 3 4 6 7 8 9 10 11 13 | 13.7
Invocations    | 1 3 4 6 7 8 |  8.5
Fighting       | 3 4 6 7 9 10 11 12 14 16 | 16.4
Throwing       | 4 6 8 9 10 | 10.0
Evocations     | 5 |  5.4

Action                     |  1- 3 |  4- 6 |  7- 9 | 10-12 | 13-15 | 16-18 | 19-21 || total
---------------------------+-------+-------+-------+-------+-------+-------+-------++-------
  Melee: Long sword        |    85 |   133 |   371 |   139 |       |       |       ||   728
         Dagger            |    76 |   124 |   300 |   284 |       |       |       ||   784
         Rapier            |       |       |    48 |       |       |       |       ||    48
         Scimitar          |       |       |       |   388 |  1146 |  1081 |   173 ||  2788
         Short sword       |       |       |       |   211 |    95 |       |       ||   306
         Whip              |       |       |       |       |   264 |       |       ||   264
         Demon blade       |       |       |       |       |   812 |  1108 |   170 ||  2090
  Throw: Throwing net      |       |     1 |       |     6 |     1 |       |       ||     8
         Dart              |       |       |       |    13 |       |       |       ||    13
         Boomerang         |       |       |       |    15 |    14 |     3 |       ||    32
         Javelin           |       |       |       |       |     2 |       |       ||     2
 Invoke: Heroism           |       |       |       |     4 |     7 |     7 |     1 ||    19
         Finesse           |       |       |       |     1 |     2 |     4 |       ||     7
         Receive Weapon    |       |       |       |       |     1 |       |       ||     1
Ability: Invent Gizmo      |       |       |       |       |     1 |       |       ||     1
  Evoke: Wand              |       |       |       |     8 |    10 |     4 |     4 ||    26
         Phial of floods   |       |       |       |       |       |     1 |       ||     1
    Use: Potion            |       |       |     2 |     1 |     1 |     3 |     4 ||    11
         Scroll            |       |       |    16 |     7 |     6 |     5 |     1 ||    35
   Stab: Sleeping          |     1 |       |       |       |       |       |       ||     1
         Held in net/web   |       |     3 |       |     9 |     6 |       |       ||    18
         Paralysed         |       |       |       |     2 |    10 |       |       ||    12
 Armour: Leather armour    |    34 |     2 |       |       |       |       |       ||    36
         Ring mail         |       |   107 |   129 |       |       |       |       ||   236
         Skin              |       |    16 |       |       |       |       |       ||    16
         Scale mail        |       |       |    72 |   332 |   580 |   744 |    93 ||  1821
         Robe              |       |       |       |       |    33 |       |       ||    33
  Dodge: Dodged            |    44 |    73 |   141 |   253 |   653 |   738 |    99 ||  2001

Table legend: (Time is in decaauts)
 A = Elapsed time spent in this place.
 B = Non-inter-level travel time spent in this place.
 C = Inter-level travel time spent in this place.
 D = Time resting spent in this place.
 E = Time spent auto-exploring this place.
 F = Levels seen in this place.
 G = Mean time per level.
                   A        B        C        D        E       F      G
               +--------+--------+--------+--------+--------+-----+--------+
         Total |  45727 |  43234 |   2493 |  13176 |  16878 |  33 | 1385.7 |
       Dungeon |  15990 |  14873 |   1117 |   2937 |   8109 |  14 | 1142.1 |
        Temple |     40 |      6 |     34 |      0 |      0 |   1 |   40.0 |
          Lair |   8659 |   7899 |    760 |   1906 |   3927 |   5 | 1731.8 |
         Swamp |   1790 |   1623 |    167 |    350 |    653 |   3 |  596.7 |
     Snake Pit |  10028 |   9677 |    351 |   4209 |   2646 |   4 | 2507.0 |
  Orcish Mines |   2851 |   2790 |     61 |   1002 |    702 |   2 | 1425.5 |
        Vaults |   3208 |   3208 |      0 |   1273 |    815 |   1 | 3208.0 |
         Sewer |    441 |    441 |      0 |     36 |      0 |   1 |  441.0 |
      Ice Cave |   1888 |   1888 |      0 |   1219 |      0 |   1 | 1888.0 |
       Volcano |    827 |    827 |      0 |    244 |     25 |   1 |  827.0 |
               +--------+--------+--------+--------+--------+-----+--------+

Top non-repeatable levels by time:
Vaults:1: 3208 daAuts
 Snake:3: 2875 daAuts
 Snake:1: 2810 daAuts
 Snake:4: 2393 daAuts
  Lair:2: 2341 daAuts
   Orc:2: 2298 daAuts
    D:14: 2209 daAuts
  Lair:5: 1951 daAuts
 Snake:2: 1949 daAuts
   IceCv: 1888 daAuts
  Lair:1: 1845 daAuts
     D:7: 1515 daAuts
    D:10: 1432 daAuts
     D:8: 1352 daAuts
     D:5: 1307 daAuts
